 Dungeon Crawl Stone Soup version 0.25.0-1-g7eea58d2a3 (webtiles) character file.

Game seed: 8943415873666492062

25 McIrco the Vexing (level 2, 0/19 HPs)
             Began as a Vampire Enchanter on June 13, 2020.
             Slain by a worker ant (7 damage)
             ... on level 4 of the Dungeon.
             The game lasted 00:01:18 (826 turns).

McIrco the Vexing (Vampire Enchanter)                Turns: 826, Time: 00:01:19

Health: 0/19       AC:  2    Str:  7    XL:     2   Next: 82%
Magic:  2/5        EV: 13    Int: 17    God:
Gold:   26         SH:  0    Dex: 14    Spells: 2/5 levels left

rFire    . . .     SeeInvis +   a - +1 dagger
rCold    . . .     Gourm    .   (no shield)
rNeg     . . .     Faith    .   b - +0 robe
rPois    .         Spirit   .   (no helmet)
rElec    .         Reflect  .   (no cloak)
rCorr    .         Harm     .   (no gloves)
MR       .....                  (no boots)
Stlth    +++.......             (no amulet)
HPRegen  0.26/turn              (no ring)
MPRegen  0.09/turn              (no ring)

@: lethally poisoned (0 -> 0), very slightly contaminated, regenerating quickly
A: no food, fangs 3, see invisible, unbreathing
a: Exsanguinate


You were on level 4 of the Dungeon.
You were alive.

You visited 1 branch of the dungeon, and saw 3 of its levels.

You collected 26 gold pieces.

Inventory:

Hand Weapons
 a - a +1 dagger (weapon)
Armour
 b - a +0 robe (worn)
Scrolls
 c - a scroll of amnesia {unknown}
 e - a scroll of noise {unknown}
 f - a scroll of remove curse {unknown}
 g - a scroll of immolation {unknown}
 h - a scroll of identify {unknown}
Potions
 d - a potion of brilliance {unknown}
 i - a potion of curing {unknown}
 j - a potion of might {unknown}


   Skills:
 + Level 1.5 Short Blades
 + Level 2.4 Dodging
 + Level 4.7 Stealth
 + Level 2.0 Spellcasting
 * Level 5.3 Hexes


You had 2 spell levels left.
You knew the following spells:

 Your Spells              Type           Power        Failure   Level  Hunger
a - Corona                Hex            ###....      2%          1    N/A
b - Ensorcelled Hibernat  Hex/Ice        ##....       10%         2    N/A

Your spell library contained the following spells:

 Spells                   Type           Power        Failure   Level  Hunger
 Confusing Touch          Hex            ###.....     7%          3    N/A
 Tukima's Dance           Hex            ###.....     7%          3    N/A
 Dazzling Flash           Conj/Hex       ##....       21%         3    N/A

Dungeon Overview and Level Annotations

Branches:
Dungeon (4/15)
 Temple: D:4-7

Altars:


Innate Abilities, Weirdness & Mutations

You do not eat.
Your natural rate of healing is unusually fast.
You have razor-sharp teeth.
You have supernaturally acute eyesight. (SInv)
You can survive without breathing.


Message History

Aim: an adder (chance to defeat MR: 50%)
You miscast Ensorcelled Hibernation.
Nothing appears to happen.
The adder misses you. The adder completely misses you. The adder bites you.
You are poisoned.
The adder poisons you!
You feel sick. The worker ant bites you.
Found 16 gold pieces.
Found a stone staircase leading down.
You feel sick. The adder barely misses you.
You feel sick. The worker ant bites you. The adder closely misses you.
You feel sick. The adder completely misses you.
The worker ant waves its antennae.
The worker ant closely misses you.
You feel sick. The adder completely misses you. The worker ant bites you!
You die...

#. .. #. ..... ####.
....## ### ..>.
...>##... #..
######........
#..####.............
#.@S...............
#..a...........#$..
....#####.............
#.... ###.#.........
##.. #####....##.#)..
#.. .......####.....
##. ........# ##....
.#.# #........ #[...
...####........# #.###


You could see a worker ant and an adder.

Vanquished Creatures
  An adder (D:4)
  A ball python (D:1)
  2 bats (D:1)
  A giant cockroach (D:1)
  A goblin (D:1)
  2 hobgoblins
  4 kobolds (D:1)
  A frilled lizard (D:1)
  A rat (D:1)
14 creatures vanquished.

Notes
Turn   | Place    | Note
-------+----------+-------------------------------------------
     0 | D:1      | McIrco the Vampire Enchanter began the quest for the Orb.
     0 | D:1      | Reached XP level 1. HP: 13/13 MP: 3/3
   204 | D:1      | Reached XP level 2. HP: 9/19 MP: 5/5
   454 | D:1      | Reached skill level 5 in Hexes
   712 | D:2      | You fall into a shaft and drop 2 floors!
   732 | D:4      | Learned a level 2 spell: Ensorcelled Hibernation
   785 | D:4      | Noticed a crimson imp
   826 | D:4      | Slain by a worker ant

Illustrated notes

Levels and vault maps discovered:
D:1:      nzn_arrival_depleted_hourglass, layout_basic
D:2:      layout_rooms, chequers_temple_overflow_minitemple,
          makhleb_heckhound_becter
D:4:      layout_rooms, chequers_temple_overflow_statue_of_worship,
          serial_shops, shop_statue, nrook_mini_backslash,
          small_statue_intersection

Skill      XL: |  1  2 |
---------------+-------+-----
Hexes          | 5 |  5.3
Short Blades   | |  1.5
Dodging        | |  2.4
Stealth        | |  4.7
Spellcasting   | |  2.0

Action                   || total
-------------------------++-------
Melee: Dagger            ||    62
       Bite              ||     2
 Cast: Ensorcelled Hiber ||     1
 Stab: Sleeping          ||     2
Armor: Robe              ||    11
Dodge: Dodged            ||    48
